 Dungeon Sprint DCSS version 0.30.1-11-g7821555f0a (webtiles) character file.

Game seed: 7695970736248143246

25 jagang the Trooper (level 3, -16/33 HPs)
             Began as a Barachi Berserker on Nov 21, 2023.
             Was a Follower of Trog.
             Demolished by an ogre
             ... wielding a +0 giant spiked club
              (31 damage)
             ... in the Dungeon (Sprint I: "Red Sonja").
             The game lasted 00:00:58 (50 turns).

jagang the Trooper (Barachi Berserker)                Turns: 50, Time: 00:00:59

Health: -16/33     AC:  5    Str: 20    XL:     3   Next: 4%
Magic:  3/3        EV: 12    Int:  7    God:    Trog [*.....]
Gold:   0          SH:  0    Dex: 11    Spells: 2/2 levels left

rFire   . . .        a - +0 falchion
rCold   . . .        (no shield)
rNeg    . . .        j - +0 ring mail
rPois   .            (no helmet)
rElec   .            (no cloak)
rCorr   .            (no gloves)
SInv    .            (no boots)
Will    .....        (no amulet)
Stlth   +            (no ring)
HPRegen 0.25/turn    (no ring)
MPRegen 0.08/turn

%: no teleportation
@: slow
A: amphibious, slowness 1, strong legs 1, +LOS
a: Hop, Renounce Religion, Berserk


You were in the Dungeon.
You worshipped Trog.
Trog was aware of your devotion.
You visited 1 branch

Inventory:

Hand Weapons
 a - a +0 falchion (weapon)
Armour
 b - a +0 animal skin
 j - a +0 ring mail (worn)
Wands
 i - a wand of digging (8)
Scrolls
 h - a scroll of blinking
Potions
 c - a potion of curing
 d - a potion of heal wounds
 e - a potion of haste
 f - 2 potions of magic
 g - a potion of berserk rage


   Skills:
 * Level 5.1 Fighting
 * Level 5.1 Long Blades
 + Level 3.4 Armour
 * Level 4.0 Dodging


You had 2 spell levels left.
You didn't know any spells.
Your spell library was empty.

Dungeon Overview and Level Annotations

Branches:
Dungeon (1/1)

Altars:


Innate Abilities, Weirdness & Mutations

You are amphibious.
You cover ground slowly.
You can hop short distances.
You have an extended range of vision and can be seen from far away.


Message History

Unknown command.
You start waiting.
You feel yourself speed up.
i - a wand of digging (8)
Things that are here:
a +0 club; a +0 ring mail; the goblin corpse of Ijyb
j - a +0 ring mail You start removing your armour.
You continue taking off your +0 animal skin. x3
You recover from your berserk rage.
You continue taking off your +0 animal skin.
You finish taking off your +0 animal skin.
You start putting on your armour.
You continue putting on your +0 ring mail. x5
You finish putting on your +0 ring mail.
Unknown command.
Unknown command.
You open the door.
An ogre comes into view. It is wielding a +0 giant spiked club.
The ogre shouts!
There is an open door here.
You close the door.
An ogre opens the door.
You close the door.
An ogre opens the door.
You close the door.
An ogre opens the door.
As you close the door, it creaks loudly!
An ogre breaks down the door.
It's broken and can't be closed.
It's broken and can't be closed.
You hit the ogre.
The ogre is lightly wounded.
The ogre hits you with a +0 giant spiked club!!
Ouch! That really hurt!
You hit the ogre.
The ogre is moderately wounded.
The ogre closely misses you.
You hit the ogre. You punch the ogre.
The ogre is moderately wounded.
The ogre hits you with a +0 giant spiked club!!
Ouch! That really hurt!
You die...

##########
#<.#.)'..#
#.@O..#..+
#..#### +#
#..# #..#
#..# #⌠⌠#
####


You could see an ogre.

Vanquished Creatures
  Ijyb (D)
1 creature vanquished.

Notes
Turn   | Place    | Note
-------+----------+-------------------------------------------
     0 | D        | jagang the Barachi Berserker began the quest for the Orb.
     0 | D        | Reached XP level 1. HP: 18/18 MP: 1/1
     3 | D        | Noticed Ijyb
     9 | D        | Killed Ijyb
    10 | D        | Reached skill level 5 in Fighting
    10 | D        | Reached skill level 5 in Long Blades
    10 | D        | Reached XP level 2. HP: 27/27 MP: 2/2
    10 | D        | Reached XP level 3. HP: 33/33 MP: 3/3
    39 | D        | Noticed an ogre
    50 | D        | Demolished by an ogre

Illustrated notes

Levels and vault maps discovered:
D:        dungeon_sprint_1 [red_sonja_temple_1, red_sonja_temple_small_1]

Skill      XL: |  1 |
---------------+----+-----
Fighting       | 5 |  5.1
Long Blades    | 5 |  5.1
Armour         | 3 |  3.4
Dodging        | 4 |  4.0

Action                     || total
---------------------------++-------
  Melee: Falchion          ||     8
         Punch             ||     1
 Invoke: Berserk           ||     1
  Dodge: Dodged            ||     4
